 Dungeon Crawl Stone Soup version 0.30-a0-996-ga6910c8ee8 (webtiles) character file.

Game seed: 7961822068242421760

8618 Pooter the Cleaver (level 11, -2/148 (151) HPs)
             Began as a Minotaur Berserker on Apr 4, 2023.
             Was a High Priest of Trog.
             Slain by Snorg (4 damage)
             ... on level 1 of the Orcish Mines on Apr 5, 2023.
             The game lasted 01:03:24 (11995 turns).

Pooter the Cleaver (Minotaur Berserker)            Turns: 11995, Time: 01:03:25

HP:   -2/148 (151)  AC: 16    Str: 26    XL:     11   Next: 12%
MP:   10/10         EV: 12    Int:  4    God:    Trog [*****.]
Gold: 359           SH:  0    Dex: 10    Spells: 10/10 levels left

rFire   + . .      SeeInvis +    a - +3 battleaxe
rCold   . . .      Faith    .    (shield currently unavailable)
rNeg    . . .      Spirit   .    v - +4 plate armour {rF+}
rPois   .          Reflect  .    (helmet restricted)
rElec   .          Rampage  .    (no cloak)
rCorr   .                        (no gloves)
Will    ++...                    K - +0 pair of boots Stlth
                                 k - amulet of the acrobat
HPRegen 1.44/turn                S - ring of see invisible
MPRegen 0.12/turn                h - +5 ring of evasion

@: berserking, strong-willed (expiring), regenerating (expiring), studying
Stealth, lightly drained, very quick
A: horns 2, retaliatory headbutt
a: Renounce Religion, Berserk, Trog's Hand, Brothers in Arms


You were on level 1 of the Orcish Mines.
You worshipped Trog.
Trog was extremely pleased with you.
You visited 2 branches of the dungeon, and saw 10 of its levels.
You also visited: Sewer and Bailey.

You collected 667 gold pieces.
You spent 308 gold pieces at shops.

Inventory:

Hand Weapons
 a - a +3 battleaxe (weapon)
   (You took it off a wight on level 5 of the Dungeon)
 b - a +0 arbalest
   (You took it off an orc warrior on level 9 of the Dungeon)
 s - a +0 flail of venom
   (You took it off Edmund on level 4 of the Dungeon)
 x - a +2 dire flail
   (You took it off a wight on level 8 of the Dungeon)
 B - a +0 trident
   (You took it off a zombie in a bailey)
Missiles
 g - 48 poisoned darts
 y - 11 boomerangs (quivered)
 G - 3 silver javelins
 H - a curare-tipped dart
 N - 5 atropa-tipped darts
 Q - 74 stones
Armour
 v - a +4 plate armour of fire resistance (worn)
   (You found it in a bailey)
 E - +2 fire dragon scales
   (You found it in a bailey)
 K - a +0 pair of boots (worn)
   (You found it on level 9 of the Dungeon)
 L - a +3 chain mail of willpower
   (You found it in a bailey)
Jewellery
 h - a +5 ring of evasion (right hand)
   (You found it on level 1 of the Dungeon)
 i - a ring of fire
   (You found it on level 9 of the Dungeon)
 k - an amulet of the acrobat (around neck)
   (You found it on level 7 of the Dungeon)
 C - a +6 ring of intelligence
   (You found it on level 6 of the Dungeon)
 I - a ring of protection from cold
   (You found it on level 1 of the Dungeon)
 S - a ring of see invisible (left hand)
   (You bought it in a shop on level 5 of the Dungeon)
Wands
 f - a wand of flame (15)
   (You found it on level 5 of the Dungeon)
 D - a wand of digging (9)
   (You found it on level 9 of the Dungeon)
 J - a wand of charming (2)
   (You took it off a kobold on level 9 of the Dungeon)
Scrolls
 e - 2 scrolls of fear
 j - 3 scrolls of poison {!r}
 n - 3 scrolls of fog
 r - 2 scrolls of butterflies
 t - 8 scrolls of teleportation {@r4}
 A - a scroll of torment {!r}
 M - a scroll of silence
Potions
 l - a potion of berserk rage {unknown}
 m - a potion of curing {unknown}
 o - 3 potions of cancellation
 p - a potion of ambrosia
 q - 3 potions of mutation {!q}
 u - 2 potions of resistance {unknown}
 z - a potion of flight {unknown}
 F - a potion of attraction {!q}
 O - a potion of lignification {unknown}
Miscellaneous
 c - a phantom mirror
   (You found it on level 9 of the Dungeon)


   Skills:
 + Level 10.7 Fighting
 * Level 12.1 Axes
 * Level 11.1 Ranged Weapons
 - Level 2.4 Armour
 - Level 2.1 Dodging
 + Level 7.0 Stealth


You had 10 spell levels left.
You didn't know any spells.
Your spell library was empty.

Dungeon Overview and Level Annotations

Branches:
Dungeon (9/15)             Temple (0/1) D:6             Orc (1/2) D:9
  Sewer (visited)          Bailey (visited)
   Lair: D:8-11

Altars:
Ashenzari
Dithmenos
Gozag
Kikubaaqudgha
Sif Muna
Vehumet
Zin

Shops:
D:5 (=(:   D:9 (

Annotations:
D:8 2 transporters, exclusion: orange crystal statue
Orc:1 Snorg


Innate Abilities, Weirdness & Mutations

You have a pair of horns on your head.
You reflexively headbutt those who attack you in melee.


Message History

You hear a howl!
Your surroundings suddenly seem different.
Snorg and 5 orcs come into view.
An orc warrior is wielding a +1 long sword of draining.
An orc is wielding a +1 mace of holy wrath.
Found 49 gold pieces.
Snorg shouts!
The orc warrior shouts!
The orc shouts!
The orc priest shouts!
The orc shouts!
The orc wizard shouts!
Do you really want to go berserk while wielding your +0 arbalest? [Y]es or [N]o only, please.
Do you really want to go berserk while wielding your +0 arbalest?
Okay, then.
a - a +3 battleaxe (weapon)
A red film seems to cover your vision as you go berserk!
You feel yourself moving faster!
You feel mighty!
You barely miss the orc. The orc misses you.
The orc priest completely misses you. You furiously retaliate!
You headbutt the orc priest!!
You kill the orc priest!
Trog accepts your kill.
The orc wizard hits you but does no damage.
The orc misses you. The orc warrior barely misses you.
You barely miss the orc warrior. You barely miss the orc.
You hit the orc wizard. You slice the orc!!
You kill the orc!
Trog accepts your kill.
You hit the orc warrior but do no damage.
You barely miss the orc. You slice the orc wizard!!
You kill the orc wizard!
Trog accepts your kill.
Trog appreciates your killing of a magic user.
The orc barely misses you. You furiously retaliate!
You headbutt the orc!!
You kill the orc!
Trog accepts your kill.
Snorg goes berserk!
The orc warrior hits you but does no damage.
You feel drained.
You closely miss the orc warrior. You headbutt the orc warrior!
The orc warrior hits you but does no damage.
You feel drained.
You slice the orc warrior!!
You feel the power of Trog in you as your rage grows.
You kill the orc warrior!
Trog accepts your kill.
You feel the effects of Trog's Hand fading.
You slash Snorg! Snorg bites you but does no damage. Snorg claws you!
* * * LOW HITPOINT WARNING * * *
Snorg claws you!
* * * LOW HITPOINT WARNING * * *
You slice Snorg!! Snorg bites you.
You die...

# # .#..# #
...### #
...#.##
.....## .
....$.## #..
##......#
#..###).)...#
#.$...)@)..#
#......T.###
###......#
#......#
#.........
#....##.....
...###
##.....# ##.
....## #
.#.##


You could see Snorg (berserk).

Vanquished Creatures
  Pikel (D:6)
  A gargoyle (Bailey)
  Maggie (D:6)
  A troll (Orc:1)
  Grinder (D:6)
  5 wyverns
  A vampire (Bailey)
  Eustachio (D:4)
  2 steam dragons
  Menkaure (D:4)
  Edmund (D:4)
  An acid dragon (D:9)
  3 water moccasins
  2 orc warriors
  A black bear (D:6)
  3 ice beasts
  7 ogres
  2 centaurs
  A lemure (D:6)
  3 phantoms
  3 kobold brigands
  Blork the orc (D:6)
  A gnoll sergeant (D:9)
  2 bullfrogs
  3 scorpions
  3 necrophages (D:6)
  A water moccasin zombie (D:6)
  6 wights
  A wyvern zombie (D:6)
  3 killer bees (D:8)
  7 vampire bats (Bailey)
  3 howler monkeys
  7 electric eels (D:6)
  10 wolf zombies (Bailey)
  6 hounds
  2 bullfrog zombies (D:6)
  A human zombie (D:6)
  2 gnoll boudas
  5 orc priests
  6 iguanas
  2 sleepcaps (D:7)
  4 orc wizards
  A hell rat (Sewer)
  A killer bee zombie (D:6)
  3 mummies (D:6)
  12 gnolls
  10 adders
  6 river rats
  A white imp (D:7)
  2 ufetubi
  6 worms
  4 dart slugs
  34 orcs
  5 ball pythons
  5 bats
  8 endoplasms
  6 giant cockroaches
  10 goblins
  10 hobgoblins
  14 kobolds
  3 quokkas
  A frilled lizard (D:1)
  22 orc zombies (Bailey)
  15 rats
297 creatures vanquished.

Vanquished Creatures (collateral kills)
  4 kobolds (D:9)
4 creatures vanquished.

Vanquished Creatures (others)
  An orc wizard (D:9)
  29 plants (D:6)
30 creatures vanquished.

Grand Total: 331 creatures vanquished

Notes
Turn   | Place    | Note
-------+----------+-------------------------------------------
     0 | D:1      | Pooter the Minotaur Berserker began the quest for the Orb.
     0 | D:1      | Reached XP level 1. HP: 19/19 MP: 0/0
   155 | D:1      | Reached XP level 2. HP: 27/27 MP: 1/1
   201 | D:1      | Reached skill level 1 in Stealth
   430 | D:1      | Reached skill level 4 in Axes
   430 | D:1      | Reached XP level 3. HP: 33/33 MP: 2/2
  1022 | D:2      | Reached skill level 1 in Ranged Weapons
  1086 | D:2      | Reached ** piety under Trog
  1167 | D:2      | Reached XP level 4. HP: 41/41 MP: 3/3
  1626 | D:3      | Found a broken altar of Ashenzari.
  1658 | D:3      | Reached skill level 5 in Fighting
  1939 | D:3      | Found a faded altar of an unknown god.
  1980 | D:3      | Reached XP level 5. HP: 48/48 MP: 4/4
  1980 | D:3      | Found a glowing drain.
  1986 | Sewer    | Entered a sewer
  2913 | D:3      | Found a shimmering blue altar of Sif Muna.
  3150 | D:4      | Reached XP level 6. HP: 55/57 MP: 5/5
  3202 | D:4      | Reached skill level 5 in Axes
  3230 | D:4      | Noticed Menkaure
  3238 | D:4      | Killed Menkaure
  3240 | D:4      | Identified the +0 robe "Winytwy" {Harm rF++ Int-3}
  3316 | D:4      | Reached XP level 7. HP: 64/64 MP: 6/6
  3551 | D:4      | Noticed Eustachio
  3563 | D:4      | Killed Eustachio
  3564 | D:4      | Reached skill level 5 in Ranged Weapons
  3639 | D:4      | Noticed Edmund
  3653 | D:4      | Killed Edmund
  3654 | D:4      | Reached skill level 6 in Axes
  3656 | D:4      | Reached XP level 8. HP: 69/74 MP: 7/7
  3793 | D:4      | Reached *** piety under Trog
  3924 | D:5      | Entered Level 5 of the Dungeon
  3947 | D:5      | Found Poobim's Antique Weapon Shoppe.
  3950 | D:5      | Bought a sling for 24 gold pieces
  3950 | D:5      | Bought a battleaxe for 104 gold pieces
  4108 | D:5      | Found Etwei's Book Boutique.
  4253 | D:5      | Reached skill level 7 in Axes
  4384 | D:5      | Found Dyon's Jewellery Boutique.
  4392 | D:5      | Found Sisch's Weapon Boutique.
  5038 | D:6      | Reached skill level 8 in Axes
  5040 | D:6      | Noticed Blork the orc
  5043 | D:6      | Noticed Maggie
  5107 | D:6      | Reached XP level 9. HP: 81/82 MP: 8/8
  5179 | D:6      | Killed Blork the orc
  5251 | D:6      | Noticed Grinder
  5294 | D:6      | Killed Grinder
  5302 | D:6      | Killed Maggie
  5303 | D:6      | Reached skill level 9 in Axes
  5594 | D:6      | Found an ancient bone altar of Kikubaaqudgha.
  5800 | D:6      | Noticed Pikel
  5806 | D:6      | Killed Pikel
  5807 | D:6      | Reached skill level 10 in Axes
  5958 | D:5      | Bought a ring of see invisible for 180 gold pieces
  5993 | D:6      | Reached XP level 10. HP: 84/92 MP: 9/9
  6291 | D:6      | Found a staircase to the Ecumenical Temple.
  6335 | D:6      | Reached skill level 5 in Stealth
  6438 | D:6      | Found a radiant altar of Vehumet.
  7535 | D:7      | Reached skill level 10 in Fighting
  7621 | D:7      | Found an opulent altar of Gozag.
  7621 | D:7      | Found a glowing silver altar of Zin.
  8252 | D:8      | Found a flagged portal.
  8262 | Bailey   | Entered a bailey
  8284 | Bailey   | Reached **** piety under Trog
  8394 | Bailey   | Reached skill level 10 in Ranged Weapons
  9266 | Bailey   | Reached skill level 11 in Axes
  9574 | Bailey   | Noticed a gargoyle
  9579 | Bailey   | Killed a gargoyle
  9765 | Bailey   | Identified the +0 chain mail "Wikujid" {rPois Dex+5}
  9766 | Bailey   | Identified the +1 leather armour of Conscience {Int+2
                  | Slay+3 Stlth+}
  9983 | D:8      | Found a transporter.
  9984 | D:8      | Noticed a four-headed hydra
  9984 | D:8      | Noticed an orange crystal statue
  9985 | D:8      | Noticed a skeletal warrior
  9985 | D:8      | Noticed a tengu warrior
  9996 | D:8      | Noticed a manticore
 10618 | D:8      | Reached ***** piety under Trog
 10651 | D:8      | Found a shadowy altar of Dithmenos.
 10839 | D:8      | Identified the ring "Xiupp" {Fire rN+}
 10840 | D:8      | Found a transporter.
 10853 | D:8      | Noticed an entropy weaver
 10867 | D:8      | an entropy weaver changed into a jumping spider
 10904 | D:8      | Noticed a lindwurm
 10908 | D:8      | a lindwurm changed into a torpor snail
 10908 | D:8      | Noticed a torpor snail (shapeshifter)
 10997 | D:9      | Found Cunapp's Weapon Shop.
 11192 | D:9      | Reached XP level 11. HP: 82/101 MP: 10/10
 11471 | D:9      | Found a staircase to the Orcish Mines.
 11807 | D:9      | Reached skill level 12 in Axes
 11899 | Orc:1    | Entered Level 1 of the Orcish Mines
 11976 | Orc:1    | Noticed a deep elf pyromancer
 11976 | Orc:1    | Noticed a deep elf pyromancer
 11976 | Orc:1    | Noticed a deep elf pyromancer
 11976 | Orc:1    | Noticed a deep elf knight
 11976 | Orc:1    | Noticed an orc sorcerer
 11978 | Orc:1    | Noticed an orc sorcerer
 11982 | Orc:1    | HP: 3/101 [deep elf knight/shard of ice (23)]
 11985 | Orc:1    | Noticed Snorg
 11994 | Orc:1    | HP: 1/148 [Snorg (7)]
 11995 | Orc:1    | Slain by Snorg

Illustrated notes

Levels and vault maps discovered:
D:1:      psy_arrival_fountain, layout_loops_ring, dk_noncrumbling_4,
          minmay_octomino_j4
D:2:      layout_loops_ring
D:3:      layout_loops_ring, nicolae_overflow_ecumenical_swirl,
          nicolae_overflow_crystal_walls, portal_sewer_entry_e
D:4:      layout_cave_pools, kennysheep_generic_room_11, uniq_eustachio,
          uniq_edmund, uniq_menkaure
D:5:      minmay_chambers_of_fours, layout_loops_ring, serial_shops,
          nicolae_shop_behind_doors,
          nicolae_shop_temple_entry_statues_fountains, kennysheep_mini,
          nicolae_shop_hallway_stairs, minmay_manual_mess
D:6:      layout_cave_pools, mainiacjoe_overflow_alcove_1,
          lemuel_mausoleum_altar_kikubaaqudgha, temple_green, serial_bayou,
          serial_bayou_lagoon_a, serial_bayou_lake_a, serial_bayou_pond_a,
          serial_bayou_pond_d, serial_bayou_pond_c, kennysheep_minor_cross,
          st_stairs_2, uniq_grinder, uniq_pikel, uniq_maggie, uniq_blork_the_orc
D:7:      layout_loops_corners, grunt_temple_overflow_gold_and_silver,
          grunt_ministairs_13
D:8:      gammafunk_sealed_arena, layout_loops_corners, grunt_dithmenos_shadows,
          enter_bailey_3, corexii_checkpoint_a
D:9:      layout_loops_ring, david_orc_3, serial_shops, shop
Orc:1:    layout_diamond_mine, elf_legates, uniq_snorg

Skill      XL: |  1  2  3  4  5  6  7  8  9 10 11 |
---------------+----------------------------------+-----
Fighting       | 4 5 6 7 8 9 10 | 10.7
Stealth        | 1 2 4 6 7 |  7.0
Axes           | 4 5 6 8 10 11 12 | 12.1
Ranged Weapons | 1 2 3 4 5 7 9 10 11 | 11.1
Armour         | |  2.4
Dodging        | |  2.1

Action                     |  1- 3 |  4- 6 |  7- 9 | 10-12 || total
---------------------------+-------+-------+-------+-------++-------
  Melee: Hand axe          |    40 |    78 |    39 |       ||   157
         Headbutt          |     8 |     9 |    28 |    30 ||    75
         Punch             |     1 |     1 |     1 |       ||     3
         Battleaxe         |       |       |   133 |   201 ||   334
         Flail             |       |       |     1 |       ||     1
   Fire: Sling             |    63 |    81 |    45 |     4 ||   193
         Shortbow          |       |       |       |   142 ||   142
         Arbalest          |       |       |       |     4 ||     4
  Throw: Dart              |       |     7 |    13 |       ||    20
         Javelin           |       |       |       |     2 ||     2
 Invoke: Berserk           |     1 |     3 |     9 |     5 ||    18
         Trog's Hand       |       |     3 |     6 |     6 ||    15
  Evoke: Wand              |       |       |     2 |     9 ||    11
    Use: Scroll            |     2 |     7 |     3 |    12 ||    24
         Potion            |       |       |     1 |     3 ||     4
   Stab: Sleeping          |     1 |       |       |       ||     1
 Armour: Animal skin       |    14 |     6 |     5 |       ||    25
         Chain mail        |       |       |    33 |    50 ||    83
         Plate armour      |       |       |       |    58 ||    58
  Dodge: Dodged            |    38 |    75 |   132 |   213 ||   458

Table legend: (Time is in decaauts)
 A = Elapsed time spent in this place.
 B = Non-inter-level travel time spent in this place.
 C = Inter-level travel time spent in this place.
 D = Time resting spent in this place.
 E = Time spent auto-exploring this place.
 F = Levels seen in this place.
 G = Mean time per level.
                   A        B        C        D        E       F      G
               +--------+--------+--------+--------+--------+-----+--------+
         Total |  12308 |  11943 |    365 |   3550 |   5823 |  12 | 1025.7 |
       Dungeon |  10023 |   9658 |    365 |   2004 |   5576 |   9 | 1113.7 |
  Orcish Mines |     95 |     95 |      0 |      0 |     51 |   1 |   95.0 |
         Sewer |    532 |    532 |      0 |    363 |     77 |   1 |  532.0 |
        Bailey |   1657 |   1657 |      0 |   1182 |    119 |   1 | 1657.0 |
               +--------+--------+--------+--------+--------+-----+--------+

Top non-repeatable levels by time:
     D:6: 1900 daAuts
  Bailey: 1657 daAuts
     D:5: 1352 daAuts
     D:8: 1217 daAuts
     D:7: 1156 daAuts
     D:3: 1091 daAuts
     D:9: 908 daAuts
     D:1: 895 daAuts
     D:4: 789 daAuts
     D:2: 713 daAuts
   Sewer: 532 daAuts
   Orc:1: 95 daAuts
